Map: Submarine LE

Players

ukkie

  • Race: Terran Terran
  • League: Master
  • Spawn Location: 5:00

Dalabete - Winner!

  • Race: Zerg Zerg
  • League: Master
  • Spawn Location: 11:00

VOD

Have the link to the VOD?

Description

Time

  • Played on: July 24, 2020, 10:42 a.m.
  • Length: 21:43
Show
View Real Time Build Order
Export as new Build Order

ukkie Terran 

Build Orders: Reaper Expand 

Get SALT Encoding   

  12  0:00  SCV  
  13  0:13  SCV  
  14  0:16  Supply Depot  
  14  0:25  SCV  
  15  0:38  SCV  
  15  0:39  Barracks  
  16  0:43  Refinery  
  16  0:50  SCV  
  17  1:02  SCV  
  18  1:14  SCV  
  19  1:26  Reaper  
  19  1:27  Orbital Command  
  20  1:41  Command Center  
  20  1:53  SCV  
  21  1:54  Supply Depot  
  21  1:58  Barracks Reactor  
  21  2:05  SCV  
  22  2:17  SCV  
  22  2:20  Factory  
  23  2:23  Refinery  
  23  2:29  SCV  
  24  2:34  Marine x2  
  26  2:41  SCV  
  27  2:53  SCV  
  27  2:54  Orbital Command  
  28  3:03  Barracks Tech Lab  
  29  3:05  SCV  
  29  3:10  Starport  
  29  3:17  SCV, Supply Depot, Hellion x2  
  34  3:21  SCV  
  35  3:27  Marine  
  35  3:29  SCV  
  35  3:30  Stimpack  
  35  3:33  SCV  
  38  3:38  Hellion x2  
  42  3:42  SCV  
  42  3:46  SCV  
  42  3:47  Viking  
  46  3:54  SCV  
  47  3:58  SCV  
  48  4:04  Marine  
  48  4:06  SCV  
  50  4:10  SCV, Factory Tech Lab  
  50  4:14  Command Center  
  51  4:18  SCV  
  51  4:20  Starport Reactor  
  51  4:22  SCV, Barracks  
  53  4:30  SCV  
  54  4:43  Supply Depot  
  54  4:45  Supply Depot  
  54  4:50  SCV, Siege Tank  
  54  5:05  SCV x2, Supply Depot x2  
  54  5:06  Starport Reactor, Barracks  
  56  5:07  Engineering Bay x2  
  56  5:08  Refinery  
  56  5:12  Marine  
  57  5:14  Refinery  
  57  5:15  Combat Shield  
  57  5:17  SCV, Marine x2  
  60  5:29  Orbital Command  
  60  5:35  Terran Infantry Weapons Level 1, Terran Infantry Armor Level 1  
  60  5:36  Marauder, Marine x2  
  64  5:56  SCV x2  
  64  5:57  SCV  
  65  5:59  Missile Turret  
  65  6:02  Missile Turret  
  65  6:07  Marauder, Marine x2  
  65  6:09  Marine x2  
  65  6:10  Medivac x2  
  65  6:11  Siege Tank  
  78  6:17  Armory, SCV x2  
  78  6:18  SCV  
  81  6:25  Marine  
  82  6:32  Marauder, Marine x3  
  86  6:39  Medivac  
  87  6:40  Medivac  
  87  6:43  Marine, Siege Tank  
  95  6:48  Barracks  
  95  6:49  Barracks  
  95  7:06  Marine  
  95  7:07  Marauder, Marine x3  
  101  7:14  Supply Depot x2  
  101  7:16  Supply Depot  
  101  7:17  Orbital Command  
  101  7:19  Command Center  
  101  7:26  Command Center  
  101  7:35  Medivac x2, Marine  
  106  7:41  Marauder, Marine x2  
  106  7:42  Barracks Reactor, Marine  
  112  7:53  Marine  
  112  7:54  Barracks Reactor  
  112  7:55  Siege Tank  
  112  7:58  Barracks  
  115  7:59  Marine  
  115  8:00  SCV x2  
  115  8:02  Marauder  
  120  8:05  Medivac x2  
  120  8:11  Marine  
  125  8:12  Marine x2  
  125  8:16  Marine  
  125  8:17  Marine  
  124  8:29  Supply Depot, Marauder, Marine  
  124  8:31  Supply Depot x2  
  124  8:32  Marine  
  106  8:34  Supply Depot  
  106  8:35  Medivac  
  106  8:36  Marine x3  
  106  8:40  SCV x2  
  106  8:41  SCV  
  101  8:45  Marine  
  101  8:46  Marine x2  
  101  8:47  Marine  
  103  8:51  Marauder  
  103  8:52  SCV x2, Orbital Command  
  107  8:59  Terran Infantry Weapons Level 2  
  107  9:02  Terran Infantry Armor Level 2  
  107  9:04  Marine x2  
  107  9:07  SCV x3  
  112  9:12  Marauder  
  112  9:16  Marine x3  
  112  9:17  Marine x2  
  117  9:21  Medivac x2  
  117  9:23  Concussive Shells  
  123  9:24  Marine x2  
  123  9:25  SCV  
  123  9:26  SCV  
  127  9:32  Drilling Claws  
  127  9:34  Marauder, Widow Mine  
  127  9:37  Factory  
  131  9:39  Orbital Command  
  131  9:40  Barracks Reactor  
  118  10:02  Marine  
  118  10:03  Marauder, Marine  
  113  10:24  Marauder  
  100  10:28  Marine x3  
  100  10:34  Marine x7  
  100  10:35  Liberator x2  
  89  10:37  Widow Mine  
  94  10:45  Marauder  
  94  10:46  Marine x3  
  94  10:48  Factory Reactor  
  99  10:51  Terran Vehicle And Ship Armor Level 1  
  99  10:52  Marine  
  99  10:53  Marine x2  
  99  10:54  Marine x4  
  106  10:58  Widow Mine  
  108  11:04  Marine x3  
  108  11:07  Marauder  
  108  11:09  Marine  
  114  11:11  Marine x3  
  114  11:12  Marine  
  118  11:19  Widow Mine  
  102  11:25  Marine  
  102  11:26  Marine x2  
  102  11:28  Marauder  
  97  11:33  Marine x7  
  97  11:34  Liberator x2  
  97  11:35  Widow Mine  
  97  11:36  Widow Mine  
  114  11:43  Marine x2  
  114  11:44  Marine  
  117  11:50  Marauder  
  117  11:51  Fusion Core  
  117  11:53  Marine  
  117  11:54  Marine x5  
  121  11:55  Marine  
  121  11:56  Widow Mine  
  121  11:57  Widow Mine x2  
  121  12:00  Supply Depot x2  
  132  12:01  Supply Depot  
  130  12:16  Marauder, Marine x4  
  135  12:24  Marine  
  135  12:25  Marine x4  
  135  12:29  Marine  
  141  12:31  Medivac x2  
  141  12:34  Marine x4  
  149  12:37  Marauder  
  149  12:48  Marine x5  
  149  12:49  Marine  
  155  12:52  Marine x3  
  155  12:59  Marauder  
  155  13:03  Medivac x2, Marine  
  160  13:05  Marine  
  160  13:06  Marine x2, Widow Mine x2  
  160  13:07  Widow Mine  
  169  13:20  Marauder  
  171  13:28  Widow Mine  
  171  13:29  Advanced Ballistics  
  173  13:42  Marauder  
  175  13:58  Marine x4  
  175  13:59  Marine x6  
  175  14:00  Liberator x2  
  175  14:01  Widow Mine x2  
  175  14:02  Widow Mine  
  197  14:03  Marauder  
  177  14:44  Orbital Command  
  167  14:56  Marine x2  
  167  14:57  Marauder, Marine x2  
  173  15:07  Marine x6  
  173  15:09  Medivac, Widow Mine x3  
  173  15:10  Medivac  
  189  15:18  Marauder  
  174  15:24  SCV  
  174  15:25  SCV x4  
  174  15:27  Terran Infantry Weapons Level 3, Terran Infantry Armor Level 3  
  179  15:36  SCV  
  169  15:47  Marauder, Marine x4  
  169  15:48  Marine x4  
  170  15:55  Marine x2  
  163  16:05  Marine  
  163  16:09  Marauder  
  161  16:20  Marine x2  
  161  16:21  Marine x4  
  163  16:30  Marauder  
  152  16:41  Marine x2  
  152  16:45  Marine x5  
  152  16:46  Marine x3  
  148  16:51  Marauder  
  142  17:00  Marine x2  
  144  17:03  Marine  
  144  17:04  Widow Mine x3  
  144  17:05  Liberator x2  
  157  17:12  SCV x2  
  157  17:13  SCV, Marauder  
  162  17:16  Marine x4  
  162  17:17  Marine x3  
  162  17:18  Marine  
  162  17:19  Command Center  
  170  17:26  Widow Mine  
  172  17:34  Marauder  
  141  17:47  Marine x3  
  141  17:48  Marine x4  
  130  17:56  Marine x4  
  124  18:05  Marine x3  
  119  18:21  Marine x2  
  119  18:22  Marine x4  
  115  18:35  Marine x4, Liberator  
  115  18:36  Liberator  
  115  18:37  Widow Mine x2  
  115  18:38  Widow Mine  
  126  18:59  Widow Mine  
  114  19:04  Marine x3  
  114  19:05  Marine x8  
  114  19:08  Widow Mine x2  
  128  19:18  Viking  
  128  19:19  Viking  
  128  19:20  Widow Mine  
  128  19:22  Marine x9  
  128  19:23  Marine x2  
  145  19:40  Marine x6  
  151  19:48  Medivac  
  151  19:49  Medivac  
  153  19:59  Widow Mine x2  
  159  20:00  Marauder, Widow Mine, Marine x6  
  159  20:01  Marine x2  
  169  20:11  Marine x2  
  171  20:17  Marine  
  171  20:18  Medivac x2, Marine x5  
  171  20:21  Widow Mine x3  
  182  20:42  Widow Mine  
  184  20:48  Viking x2  
  173  20:51  Widow Mine x2  
  173  20:53  Marine  
  173  20:54  Marine x10  
  188  21:00  Refinery  
  188  21:01  Refinery  
  188  21:02  Refinery  
  188  21:04  Refinery  
  188  21:11  Marine  
  188  21:12  Marine x10  
Show
View Real Time Build Order
Export as new Build Order

Dalabete Zerg - Winner!

Build Orders: Pool First 

Get SALT Encoding   

  12  0:01  Drone  
  13  0:12  Overlord  
  13  0:17  Drone  
  14  0:31  Drone x2  
  16  0:42  Spawning Pool  
  16  0:45  Drone  
  16  0:49  Drone  
  17  1:10  Hatchery  
  16  1:12  Drone  
  17  1:26  Extractor  
  17  1:29  Queen  
  17  1:31  Zergling x2  
  17  1:32  Drone x2  
  21  1:42  Overlord  
  21  1:54  Drone  
  22  2:04  Drone  
  22  2:05  Queen  
  25  2:16  Drone  
  25  2:21  Queen  
  25  2:22  Drone  
  29  2:28  Metabolic Boost  
  29  2:33  Drone x2  
  31  2:37  Drone  
  32  2:48  Hatchery  
  31  2:53  Drone  
  31  2:55  Overlord  
  32  3:02  Drone x2  
  34  3:20  Drone  
  34  3:21  Drone x7  
  42  3:28  Pneumatized Carapace  
  42  3:32  Queen  
  44  3:36  Overlord  
  44  3:50  Evolution Chamber  
  44  3:51  Evolution Chamber  
  42  3:59  Zergling x8  
  46  4:04  Queen  
  46  4:06  Drone  
  46  4:07  Drone x6  
  55  4:23  Lair  
  55  4:25  Extractor x2  
  55  4:31  Overlord x2  
  53  4:43  Zerg Ground Armor Level 1  
  53  4:49  Queen x2  
  54  5:03  Drone x3  
  54  5:05  Drone  
  54  5:06  Drone x8  
  66  5:07  Overlord x2  
  66  5:20  Zerg Melee Weapons Level 1  
  66  5:26  Baneling Nest  
  66  5:28  Drone x2  
  67  5:29  Hydralisk Den  
  67  5:30  Drone, Extractor  
  67  5:31  Drone x3  
  69  5:45  Zergling x2  
  69  5:46  Zergling x14  
  77  6:03  Extractor x2  
  75  6:04  Muscular Augments  
  75  6:07  Burrow  
  75  6:09  Baneling x2  
  75  6:10  Baneling x6  
  75  6:15  Overseer  
  75  6:17  Drone  
  75  6:18  Drone x6  
  82  6:22  Overlord x3  
  82  6:31  Overseer  
  82  6:42  Drone x3  
  82  6:43  Drone x5  
  90  6:51  Centrifical Hooks  
  90  6:53  Zerg Ground Armor Level 2  
  90  7:02  Hydralisk x4  
  90  7:05  Zergling x2  
  90  7:06  Zergling x14  
  106  7:08  Overlord  
  106  7:16  Baneling  
  106  7:17  Baneling x9  
  106  7:19  Overlord x2  
  106  7:20  Overlord  
  106  7:33  Zergling x14  
  112  7:45  Zergling x10  
  117  7:53  Zerg Melee Weapons Level 2  
  117  8:06  Zergling x18  
  117  8:07  Zergling x6  
  127  8:17  Baneling x4  
  127  8:18  Zergling x2, Baneling x4  
  127  8:19  Zergling x4  
  97  8:45  Hydralisk  
  97  8:46  Hydralisk x10  
  119  9:08  Extractor  
  119  9:09  Hatchery  
  117  9:10  Spine Crawler  
  117  9:11  Spine Crawler  
  117  9:12  Grooved Spines  
  117  9:13  Zerg Missile Weapons Level 1  
  117  9:14  Extractor  
  117  9:16  Infestation Pit  
  113  9:17  Spine Crawler  
  113  9:18  Zergling x18  
  113  9:19  Zergling x4  
  113  9:20  Baneling x4  
  113  9:21  Baneling x14  
  123  9:59  Zergling x12  
  123  10:00  Zergling x18  
  113  10:31  Hydralisk x6  
  113  10:32  Zergling x10  
  123  10:54  Baneling x14  
  123  10:55  Baneling x10  
  123  11:00  Hive  
  123  11:01  Pathogen Glands  
  123  11:06  Drone x4  
  123  11:07  Queen, Drone x5  
  114  11:36  Drone x3  
  114  11:37  Drone x3  
  114  11:38  Drone x4  
  122  11:52  Zergling x22  
  133  12:31  Viper x3  
  133  12:33  Overlord x3  
  133  12:34  Overlord x3  
  140  12:42  Baneling  
  140  12:43  Baneling x21  
  140  13:16  Ultralisk Cavern  
  138  13:35  Hatchery, Extractor x2  
  135  13:41  Adrenal Glands  
  135  13:42  Spire  
  135  13:43  Zerg Melee Weapons Level 3, Zerg Ground Armor Level 3  
  135  13:46  Zergling x2  
  135  13:47  Zergling x54  
  135  13:48  Zergling x4  
  138  14:25  Baneling  
  138  14:26  Baneling x23  
  138  14:27  Baneling x4  
  138  14:28  Drone  
  120  14:51  Viper  
  120  14:52  Viper x2  
  129  14:54  Overseer  
  129  14:56  Hydralisk x7  
  129  14:57  Hydralisk x6  
  154  15:17  Overlord  
  154  15:18  Overlord x3  
  154  15:19  Zergling x12  
  154  15:20  Zergling x18  
  162  15:23  Hatchery  
  143  16:16  Spine Crawler  
  143  16:17  Spine Crawler  
  143  16:18  Spine Crawler  
  138  16:19  Spine Crawler  
  138  16:25  Zergling x2  
  136  16:26  Zergling x38  
  126  16:55  Baneling x8  
  126  16:56  Baneling x18  
  116  17:01  Hydralisk  
  116  17:02  Hydralisk x16  
  150  17:14  Ultralisk Cavern  
  149  17:23  Greater Spire  
  149  17:24  Zerg Missile Weapons Level 2  
  147  17:34  Corruptor x4  
  147  17:35  Corruptor x4  
  148  17:37  Zergling x14  
  134  17:56  Zergling x2  
  134  17:57  Zergling x24  
  141  18:03  Overseer  
  141  18:08  Overseer x2  
  141  18:09  Overseer  
  125  19:06  Zergling x32  
  125  19:07  Zergling x12  
  146  19:10  Chitinous Plating  
  146  19:30  Zerg Flyer Armor Level 1  
  146  19:40  Brood Lord  
  146  19:41  Brood Lord x7  
  146  19:43  Zergling x2  
  146  19:44  Zergling x30  
  178  19:49  Baneling  
  178  19:50  Baneling x13  
  176  20:06  Corruptor x7  
  176  20:07  Corruptor x2  
  186  20:08  Corruptor  
  193  20:29  Anabolic Synthesis  
  181  21:01  Baneling x13  
  181  21:02  Baneling x27  
  181  21:19  Hatchery  
  181  21:20  Extractor  
  181  21:22  Spine Crawler x2  
  181  21:23  Spine Crawler x2, Extractor  
Tags
 
Add a new tag
Caveats
  • Supply blocks, unpowered buildings, or Contaminate may cause inaccurate times.
  • Supply counts are checked every 10 seconds.